[ AOE2 MATCH · #476960895 ]
UnrankedVietnamese vs Hindustanis
[ REPLAY ANALYSIS · EXTRACTED FROM THE RECORDED GAME ]
Feudal
10:45
Castle
23:09
Imperial
—
| APM avg | 30.6 |
| APM peak | 62 |
| eAPM avg | 10.8 |
| Villagers / military | 52 / 38 |
Focus
⚔️ 33.3% · 🌾 66.7%
Archer ×25 · Battle Elephant ×13
Feudal
11:03
Castle
19:26
Imperial
—
| APM avg | 38.4 |
| APM peak | 99 |
| eAPM avg | 20.1 |
| Villagers / military | 64 / 1 |
Focus
⚔️ 24.2% · 🌾 75.8%
Conquistador ×1
Feudal
10:32
Castle
16:23
Imperial
—
| APM avg | 89.9 |
| APM peak | 129 |
| eAPM avg | 37.8 |
| Villagers / military | 90 / 37 |
Focus
⚔️ 16.3% · 🌾 83.7%
Camel Scout ×36 · Militia ×1
Feudal
8:48
Castle
27:30
Imperial
—
| APM avg | 61.4 |
| APM peak | 86 |
| eAPM avg | 24.1 |
| Villagers / military | 60 / 67 |
Focus
⚔️ 46.9% · 🌾 53.1%
Archer ×66 · Spearman ×1
Feudal
10:32
Castle
17:59
Imperial
—
| APM avg | 26.8 |
| APM peak | 50 |
| eAPM avg | 12.4 |
| Villagers / military | 53 / 17 |
Focus
⚔️ 16.0% · 🌾 84.0%
Battle Elephant ×15 · Monk ×2
Feudal
10:06
Castle
15:50
Imperial
—
| APM avg | 31.8 |
| APM peak | 57 |
| eAPM avg | 11.7 |
| Villagers / military | 66 / 31 |
Focus
⚔️ 18.2% · 🌾 81.8%
Knight ×31
Feudal
8:59
Castle
—
Imperial
—
| APM avg | 31.0 |
| APM peak | 71 |
| eAPM avg | 13.8 |
| Villagers / military | 48 / 105 |
Focus
⚔️ 42.9% · 🌾 57.1%
Archer ×105
Feudal
10:23
Castle
22:48
Imperial
—
| APM avg | 35.2 |
| APM peak | 90 |
| eAPM avg | 12.7 |
| Villagers / military | 60 / 16 |
Focus
⚔️ 21.4% · 🌾 78.6%
Militia ×7 · Huskarl ×5 · Spearman ×2 · Monk ×1 · Battering Ram ×1
Match map
Initial resources + every placement click. Lines = walls · curves = elevation contours. ◆ gold · ⬟ stone · ● berries · ✦ relic · ◌ wall gap
Your base· Open — 10t gap
魔兽难民's base· ✓ Closed at 19:26 · 28t walls · 8 gate(s)
[LAK]GULIAN's base· ✓ Closed at 16:23 · 55t walls · 1 gate(s)
ElTitanSargeras's base· Open — 3t gap
ajanderson120's base· ✓ Closed at 17:59 · 40t walls · 1 gate(s)
PolloDeMercado's base· Open — unwalled flank
mayinbu's base· Open — unwalled flank
Muh's base· Open — 5t gap
Smoothed initial terrain · ◌ = detected wall gap · hover for details
Inputs per minute
— Monty - - 魔兽难民
Build order — Monty
First 150 of 159 actions detected
| 0:03 | Build | House |
| 0:04 | Build | House |
| 0:05 | Create | Villager (Male) |
| 0:05 | Create | Villager (Male) |
| 0:05 | Create | Villager (Male) |
| 0:06 | Create | Villager (Male) |
| 1:32 | Create | Villager (Male) |
| 1:32 | Create | Villager (Male) |
| 1:49 | Build | Lumber Camp |
| 2:08 | Create | Villager (Male) |
| 2:09 | Create | Villager (Male) |
| 2:24 | Create | Villager (Male) |
| 2:24 | Create | Villager (Male) |
| 2:57 | Create | Villager (Male) |
| 2:57 | Create | Villager (Male) |
| 3:01 | Build | House |
| 3:03 | Build | House |
| 3:27 | Create | Villager (Male) |
| 3:27 | Create | Villager (Male) |
| 3:50 | Create | Villager (Male) |
| 4:00 | Create | Villager (Male) |
| 4:00 | Create | Villager (Male) |
| 4:09 | Research | Loom |
| 5:02 | Create | Villager (Male) |
| 5:03 | Create | Villager (Male) |
| 5:44 | Build | Mill |
| 6:09 | Build | House |
| 6:11 | Build | Palisade Wall |
| 6:34 | Create | Villager (Male) |
| 6:49 | Create | Villager (Male) |
| 7:23 | Create | Villager (Male) |
| 7:43 | Build | Barracks |
| 7:46 | Build | Palisade Wall |
| 7:52 | Create | Villager (Male) |
| 8:35 | Research | Feudal Age |
| 8:56 | Build | Mining Camp |
| 9:08 | Build | House |
| 9:12 | Build | Palisade Wall |
| 10:33 | Build | House |
| 10:38 | Build | Palisade Wall |
| 10:45 | Age | Feudal Age |
| 10:48 | Build | Archery Range |
| 10:51 | Research | Double-Bit Axe |
| 10:53 | Research | Horse Collar |
| 11:04 | Build | Lumber Camp |
| 11:48 | Create | Archer |
| 11:48 | Create | Archer |
| 11:48 | Create | Archer |
| 11:49 | Create | Archer |
| 11:49 | Create | Archer |
| 12:00 | Build | Palisade Gate |
| 12:08 | Create | Villager (Male) |
| 12:08 | Create | Villager (Male) |
| 12:12 | Create | Archer |
| 12:22 | Build | Blacksmith |
| 12:23 | Build | House |
| 12:27 | Build | Palisade Wall |
| 12:41 | Create | Villager (Male) |
| 12:41 | Create | Villager (Male) |
| 12:53 | Create | Archer |
| 13:25 | Create | Archer |
| 13:45 | Create | Villager (Male) |
| 13:54 | Create | Archer |
| 14:07 | Create | Villager (Male) |
| 14:11 | Build | Farm |
| 14:11 | Build | Farm |
| 14:11 | Build | Farm |
| 14:12 | Build | Farm |
| 14:12 | Build | Farm |
| 14:12 | Build | Farm |
| 14:16 | Create | Villager (Male) |
| 14:38 | Research | Fletching |
| 15:28 | Create | Archer |
| 15:28 | Create | Archer |
| 16:09 | Build | Farm |
| 16:09 | Build | Farm |
| 16:09 | Build | Farm |
| 16:09 | Build | Farm |
| 16:09 | Build | Farm |
| 16:10 | Build | Farm |
| 16:13 | Create | Villager (Male) |
| 16:13 | Create | Villager (Male) |
| 16:16 | Create | Archer |
| 16:19 | Research | Padded Archer Armor |
| 17:05 | Create | Villager (Male) |
| 17:10 | Build | Farm |
| 17:11 | Build | Farm |
| 17:11 | Build | Farm |
| 17:11 | Build | Farm |
| 17:12 | Build | Farm |
| 17:12 | Build | Farm |
| 17:12 | Build | Farm |
| 17:12 | Build | Farm |
| 17:15 | Create | Villager (Male) |
| 17:19 | Create | Villager (Male) |
| 17:21 | Create | Archer |
| 17:44 | Create | Villager (Male) |
| 17:44 | Create | Villager (Male) |
| 17:45 | Create | Villager (Male) |
| 17:45 | Create | Villager (Male) |
| 19:08 | Create | Villager (Male) |
| 19:08 | Create | Villager (Male) |
| 19:14 | Build | Market |
| 19:16 | Create | Archer |
| 19:17 | Create | Archer |
| 19:57 | Create | Villager (Male) |
| 20:01 | Build | Farm |
| 20:02 | Build | Farm |
| 20:29 | Research | Castle Age |
| 21:24 | Build | Mining Camp |
| 21:30 | Build | Archery Range |
| 22:02 | Research | Gold Mining |
| 22:14 | Create | Villager (Male) |
| 22:15 | Create | Villager (Male) |
| 22:15 | Create | Villager (Male) |
| 22:43 | Build | Stable |
| 23:09 | Age | Castle Age |
| 23:15 | Research | Crossbowman (upgrade) |
| 23:24 | Build | House |
| 23:25 | Build | House |
| 23:28 | Create | Archer |
| 23:28 | Create | Archer |
| 23:34 | Research | Bodkin Arrow |
| 23:37 | Create | Villager (Male) |
| 23:44 | Create | Archer |
| 23:45 | Create | Archer |
| 23:47 | Create | Battle Elephant |
| 23:48 | Create | Battle Elephant |
| 24:01 | Create | Archer |
| 24:18 | Build | House |
| 24:19 | Build | House |
| 24:24 | Create | Battle Elephant |
| 24:24 | Create | Battle Elephant |
| 24:41 | Create | Battle Elephant |
| 24:41 | Create | Battle Elephant |
| 24:46 | Create | Archer |
| 24:46 | Create | Archer |
| 25:03 | Build | House |
| 25:03 | Build | House |
| 25:04 | Build | House |
| 25:07 | Create | Battle Elephant |
| 25:18 | Research | Scale Barding Armor |
| 25:19 | Research | Forging |
| 25:32 | Create | Battle Elephant |
| 25:38 | Create | Villager (Male) |
| 25:41 | Create | Archer |
| 25:42 | Create | Archer |
| 26:04 | Create | Villager (Male) |
| 26:04 | Create | Villager (Male) |
| 26:06 | Create | Archer |
Build order — 魔兽难民
133 actions detected in the replay
| 0:03 | Build | House |
| 0:04 | Build | House |
| 0:06 | Create | Villager (Male) |
| 0:06 | Create | Villager (Male) |
| 0:06 | Create | Villager (Male) |
| 0:07 | Create | Villager (Male) |
| 0:07 | Create | Villager (Male) |
| 0:07 | Create | Villager (Male) |
| 1:30 | Create | Villager (Male) |
| 1:31 | Create | Villager (Male) |
| 1:31 | Create | Villager (Male) |
| 1:38 | Create | Villager (Male) |
| 1:38 | Create | Villager (Male) |
| 2:13 | Build | House |
| 2:28 | Create | Villager (Male) |
| 2:29 | Create | Villager (Male) |
| 2:45 | Build | Lumber Camp |
| 2:57 | Create | Villager (Male) |
| 2:58 | Create | Villager (Male) |
| 2:58 | Create | Villager (Male) |
| 3:35 | Create | Villager (Male) |
| 3:36 | Create | Villager (Male) |
| 3:42 | Build | House |
| 3:52 | Build | House |
| 3:59 | Create | Villager (Male) |
| 3:59 | Create | Villager (Male) |
| 3:59 | Create | Villager (Male) |
| 4:26 | Create | Villager (Male) |
| 4:26 | Create | Villager (Male) |
| 4:26 | Create | Villager (Male) |
| 4:26 | Create | Villager (Male) |
| 4:27 | Create | Villager (Male) |
| 5:17 | Create | Villager (Male) |
| 5:22 | Build | Mill |
| 5:31 | Create | Villager (Male) |
| 6:17 | Create | Villager (Male) |
| 6:18 | Create | Villager (Male) |
| 6:18 | Create | Villager (Male) |
| 6:18 | Create | Villager (Male) |
| 6:42 | Create | Villager (Male) |
| 7:05 | Create | Villager (Male) |
| 7:33 | Research | Loom |
| 7:33 | Research | Loom |
| 7:42 | Build | Palisade Gate |
| 7:43 | Build | Palisade Wall |
| 8:08 | Build | Mining Camp |
| 8:44 | Build | Palisade Wall |
| 8:53 | Research | Feudal Age |
| 8:53 | Research | Feudal Age |
| 8:53 | Research | Feudal Age |
| 9:08 | Build | Palisade Wall |
| 9:09 | Build | Palisade Wall |
| 9:15 | Build | Palisade Gate |
| 9:24 | Build | Palisade Gate |
| 9:38 | Build | House |
| 9:43 | Build | Palisade Gate |
| 9:57 | Create | Villager (Male) |
| 9:57 | Create | Villager (Male) |
| 10:32 | Build | Mining Camp |
| 11:03 | Age | Feudal Age |
| 11:37 | Build | Palisade Gate |
| 11:38 | Build | Palisade Gate |
| 11:44 | Build | House |
| 11:48 | Build | Palisade Wall |
| 12:53 | Build | Market |
| 12:57 | Build | Blacksmith |
| 12:59 | Build | Palisade Wall |
| 13:49 | Build | Watch Tower |
| 14:11 | Build | Palisade Gate |
| 14:16 | Build | Palisade Wall |
| 14:25 | Build | Palisade Wall |
| 14:34 | Build | Palisade Gate |
| 14:50 | Build | Watch Tower |
| 15:15 | Create | Villager (Male) |
| 15:16 | Create | Villager (Male) |
| 16:08 | Build | Palisade Wall |
| 16:09 | Build | Palisade Wall |
| 16:10 | Build | Palisade Wall |
| 16:11 | Build | Palisade Wall |
| 16:13 | Build | Palisade Wall |
| 16:46 | Research | Castle Age |
| 16:46 | Research | Castle Age |
| 16:46 | Research | Castle Age |
| 17:50 | Create | Villager (Male) |
| 18:00 | Research | Double-Bit Axe |
| 18:00 | Research | Double-Bit Axe |
| 18:01 | Research | Double-Bit Axe |
| 18:07 | Research | Horse Collar |
| 18:07 | Research | Horse Collar |
| 18:38 | Build | Palisade Wall |
| 18:51 | Build | House |
| 19:01 | Build | House |
| 19:26 | Age | Castle Age |
| 20:01 | Build | Castle |
| 20:12 | Create | Villager (Male) |
| 21:47 | Create | Villager (Male) |
| 21:48 | Create | Villager (Male) |
| 22:22 | Create | Conquistador |
| 22:41 | Build | Farm |
| 22:42 | Build | Farm |
| 22:42 | Build | Farm |
| 22:43 | Build | Farm |
| 22:43 | Build | Farm |
| 22:43 | Build | Farm |
| 23:10 | Build | Town Center |
| 23:22 | Build | Farm |
| 23:28 | Create | Villager (Male) |
| 23:28 | Create | Villager (Male) |
| 23:47 | Build | House |
| 23:49 | Build | Palisade Wall |
| 24:00 | Create | Villager (Male) |
| 24:00 | Create | Villager (Male) |
| 24:07 | Create | Villager (Male) |
| 24:07 | Create | Villager (Male) |
| 24:38 | Create | Villager (Male) |
| 24:39 | Create | Villager (Male) |
| 24:51 | Create | Villager (Male) |
| 24:54 | Build | Farm |
| 24:55 | Build | Farm |
| 24:59 | Build | Farm |
| 25:05 | Create | Villager (Male) ×2 |
| 25:05 | Create | Villager (Male) ×2 |
| 25:30 | Build | Mining Camp |
| 25:35 | Create | Villager (Male) |
| 25:35 | Create | Villager (Male) |
| 26:01 | Create | Villager (Male) |
| 26:01 | Create | Villager (Male) |
| 26:33 | Create | Villager (Male) |
| 26:34 | Create | Villager (Male) |
| 27:01 | Create | Villager (Male) |
| 27:01 | Create | Villager (Male) |
| 27:09 | Build | Town Center |
| 27:28 | Create | Villager (Male) |
Build order — [LAK]GULIAN
First 150 of 225 actions detected
| 0:01 | Create | Villager (Male) |
| 0:02 | Create | Villager (Male) |
| 0:03 | Build | House |
| 0:05 | Build | House |
| 0:05 | Create | Villager (Male) |
| 0:06 | Create | Villager (Male) |
| 1:27 | Create | Villager (Male) |
| 1:27 | Create | Villager (Male) |
| 1:46 | Create | Villager (Male) |
| 1:54 | Research | Loom |
| 1:54 | Research | Loom |
| 2:19 | Create | Villager (Male) |
| 2:20 | Create | Villager (Male) |
| 2:32 | Create | Villager (Male) |
| 2:32 | Create | Villager (Male) |
| 3:15 | Create | Villager (Male) |
| 3:58 | Create | Villager (Male) |
| 4:01 | Create | Villager (Male) |
| 4:01 | Create | Villager (Male) |
| 4:01 | Create | Villager (Male) |
| 4:21 | Create | Villager (Male) |
| 4:21 | Create | Villager (Male) |
| 4:23 | Build | House |
| 4:46 | Build | Lumber Camp |
| 4:57 | Create | Villager (Male) |
| 5:00 | Create | Villager (Male) |
| 5:30 | Create | Villager (Male) |
| 5:31 | Create | Villager (Male) |
| 5:32 | Create | Villager (Male) |
| 5:41 | Create | Villager (Male) |
| 5:53 | Build | Mill |
| 6:20 | Create | Villager (Male) |
| 6:30 | Build | House |
| 6:47 | Create | Villager (Male) |
| 7:50 | Build | House |
| 7:53 | Build | Palisade Wall |
| 8:03 | Research | Feudal Age |
| 8:03 | Research | Feudal Age |
| 8:06 | Create | Villager (Male) |
| 8:13 | Build | Palisade Wall |
| 8:14 | Create | Villager (Male) |
| 8:21 | Build | Palisade Wall |
| 8:27 | Create | Villager (Male) |
| 8:31 | Create | Villager (Male) |
| 8:38 | Build | Palisade Wall |
| 8:56 | Build | Palisade Wall |
| 8:59 | Build | Palisade Wall |
| 9:03 | Create | Villager (Male) |
| 9:08 | Build | Palisade Wall |
| 9:16 | Build | Palisade Gate |
| 9:33 | Create | Villager (Male) |
| 9:42 | Build | Palisade Wall |
| 9:57 | Create | Villager (Male) |
| 10:25 | Build | Mining Camp |
| 10:32 | Age | Feudal Age |
| 10:38 | Create | Villager (Male) |
| 10:48 | Create | Villager (Male) |
| 11:09 | Build | House |
| 11:23 | Create | Villager (Male) |
| 11:27 | Build | Barracks |
| 11:47 | Create | Villager (Male) |
| 12:22 | Create | Villager (Male) |
| 12:27 | Create | Militia |
| 12:30 | Build | Blacksmith |
| 12:35 | Create | Villager (Male) |
| 13:10 | Build | Stable |
| 13:36 | Create | Villager (Male) |
| 13:43 | Research | Castle Age |
| 13:44 | Research | Castle Age |
| 13:47 | Build | Mining Camp |
| 14:01 | Research | Horse Collar |
| 14:02 | Research | Double-Bit Axe |
| 14:02 | Create | Villager (Male) |
| 14:27 | Build | House |
| 14:31 | Build | Farm |
| 14:39 | Build | Farm |
| 14:47 | Research | Gold Mining |
| 14:47 | Research | Gold Mining |
| 15:00 | Build | Farm |
| 15:16 | Build | Farm |
| 15:22 | Build | Farm |
| 15:50 | Build | Farm |
| 16:23 | Age | Castle Age |
| 16:24 | Create | Villager (Male) |
| 16:45 | Build | Town Center |
| 17:15 | Create | Villager (Male) |
| 17:25 | Create | Camel Scout |
| 17:31 | Build | Farm |
| 17:32 | Build | Farm |
| 17:34 | Create | Villager (Male) |
| 17:46 | Build | Farm |
| 17:49 | Create | Villager (Male) |
| 17:54 | Create | Camel Scout |
| 18:15 | Build | Town Center |
| 18:23 | Create | Villager (Male) |
| 18:30 | Create | Camel Scout |
| 18:30 | Create | Camel Scout |
| 18:46 | Create | Villager (Male) |
| 18:53 | Create | Villager (Male) |
| 18:57 | Build | Farm |
| 18:58 | Build | Farm |
| 19:00 | Create | Villager (Male) |
| 19:04 | Create | Villager (Male) |
| 19:04 | Create | Villager (Male) |
| 19:20 | Create | Villager (Male) |
| 19:24 | Build | Farm |
| 19:24 | Build | Farm |
| 19:28 | Build | Farm |
| 19:40 | Create | Villager (Male) |
| 19:40 | Create | Villager (Male) |
| 19:42 | Create | Villager (Male) |
| 19:42 | Create | Villager (Male) |
| 19:44 | Build | Farm |
| 19:45 | Build | Farm |
| 19:51 | Create | Villager (Male) |
| 19:54 | Create | Villager (Male) |
| 19:54 | Create | Villager (Male) |
| 20:11 | Create | Camel Scout |
| 20:11 | Create | Camel Scout |
| 20:16 | Build | Stable |
| 20:35 | Create | Villager (Male) |
| 20:37 | Build | Farm |
| 20:42 | Build | Farm |
| 20:42 | Build | Farm |
| 20:44 | Create | Villager (Male) |
| 20:57 | Create | Camel Scout |
| 20:57 | Create | Camel Scout |
| 21:10 | Create | Villager (Male) |
| 21:14 | Build | Farm |
| 21:15 | Build | Farm |
| 21:23 | Create | Camel Scout |
| 21:23 | Create | Camel Scout |
| 21:29 | Create | Villager (Male) |
| 21:40 | Build | Farm |
| 21:41 | Build | Farm |
| 21:44 | Create | Camel Scout |
| 21:49 | Build | House |
| 21:49 | Build | House |
| 21:59 | Create | Camel Scout |
| 22:07 | Create | Camel Scout |
| 22:08 | Create | Camel Scout |
| 22:21 | Build | Farm |
| 22:21 | Build | Farm |
| 22:24 | Build | House |
| 22:24 | Build | House |
| 22:27 | Build | Farm |
| 22:28 | Create | Camel Scout |
| 22:28 | Create | Camel Scout |
| 22:51 | Build | Farm |
| 22:57 | Build | Farm |
Build order — ElTitanSargeras
First 150 of 201 actions detected
| 0:01 | Create | Villager (Male) |
| 0:01 | Create | Villager (Male) |
| 0:02 | Create | Villager (Male) |
| 0:02 | Create | Villager (Male) |
| 0:03 | Build | House |
| 0:04 | Build | House |
| 1:19 | Create | Villager (Male) |
| 1:19 | Create | Villager (Male) |
| 1:28 | Build | Lumber Camp |
| 1:43 | Create | Villager (Male) |
| 1:43 | Create | Villager (Male) |
| 2:06 | Create | Villager (Male) |
| 2:06 | Create | Villager (Male) |
| 2:29 | Create | Villager (Male) |
| 2:29 | Create | Villager (Male) |
| 2:46 | Build | House |
| 2:51 | Create | Villager (Male) |
| 2:52 | Create | Villager (Male) |
| 3:47 | Create | Villager (Male) |
| 3:48 | Create | Villager (Male) |
| 3:48 | Create | Villager (Male) |
| 4:05 | Create | Villager (Male) |
| 4:05 | Create | Villager (Male) |
| 4:06 | Create | Villager (Male) |
| 4:29 | Create | Villager (Male) |
| 4:29 | Create | Villager (Male) |
| 5:00 | Create | Villager (Male) |
| 5:00 | Create | Villager (Male) |
| 5:00 | Create | Villager (Male) |
| 5:14 | Build | Mining Camp |
| 5:42 | Research | Loom |
| 5:42 | Research | Loom |
| 6:38 | Research | Feudal Age |
| 6:38 | Research | Feudal Age |
| 7:12 | Build | Barracks |
| 7:40 | Build | House |
| 7:42 | Build | Palisade Wall |
| 8:42 | Create | Villager (Male) |
| 8:48 | Age | Feudal Age |
| 8:50 | Create | Villager (Male) |
| 8:51 | Build | Archery Range |
| 8:54 | Build | Archery Range |
| 9:20 | Build | Blacksmith |
| 9:23 | Create | Villager (Male) |
| 9:46 | Build | House |
| 9:48 | Create | Archer |
| 9:49 | Create | Archer |
| 9:53 | Create | Villager (Male) |
| 10:15 | Build | Palisade Wall |
| 10:16 | Build | Palisade Wall |
| 10:17 | Create | Archer |
| 10:17 | Create | Archer |
| 10:18 | Create | Archer |
| 10:18 | Create | Archer |
| 10:19 | Create | Villager (Male) |
| 10:27 | Build | House |
| 10:31 | Create | Archer |
| 10:32 | Create | Archer |
| 10:38 | Build | Palisade Wall |
| 10:46 | Build | House |
| 10:46 | Build | Palisade Wall |
| 10:49 | Create | Villager (Male) |
| 10:56 | Create | Villager (Male) |
| 10:57 | Create | Archer |
| 10:57 | Create | Archer |
| 10:57 | Create | Archer |
| 11:19 | Build | House |
| 11:23 | Build | Palisade Wall |
| 11:29 | Create | Archer |
| 11:29 | Create | Archer |
| 11:51 | Create | Archer |
| 11:51 | Create | Archer |
| 12:08 | Create | Villager (Male) |
| 12:17 | Create | Villager (Male) |
| 12:32 | Create | Archer |
| 12:32 | Create | Archer |
| 12:32 | Create | Archer |
| 12:33 | Create | Archer |
| 12:35 | Create | Villager (Male) |
| 12:47 | Build | House |
| 12:50 | Build | Palisade Wall |
| 13:11 | Create | Archer |
| 13:11 | Create | Archer |
| 13:13 | Create | Villager (Male) |
| 13:28 | Build | House |
| 13:34 | Build | Lumber Camp |
| 14:00 | Create | Archer |
| 14:00 | Create | Archer |
| 14:10 | Research | Fletching |
| 14:10 | Research | Fletching |
| 14:13 | Create | Archer |
| 14:13 | Create | Archer |
| 14:13 | Create | Archer |
| 14:14 | Create | Villager (Male) |
| 14:26 | Create | Archer |
| 14:26 | Create | Archer |
| 14:37 | Build | Palisade Wall |
| 14:39 | Build | House |
| 15:00 | Create | Archer |
| 15:00 | Create | Archer |
| 15:02 | Create | Villager (Male) |
| 15:05 | Create | Villager (Male) |
| 15:09 | Build | Mill |
| 15:11 | Create | Spearman |
| 15:36 | Create | Archer |
| 15:36 | Create | Archer |
| 15:43 | Create | Villager (Male) |
| 15:44 | Create | Villager (Male) |
| 16:08 | Build | Archery Range |
| 16:24 | Create | Archer |
| 16:24 | Create | Archer |
| 16:26 | Create | Villager (Male) |
| 16:34 | Create | Archer |
| 16:34 | Create | Archer |
| 16:34 | Create | Villager (Male) |
| 16:39 | Build | House |
| 16:41 | Build | House |
| 17:11 | Create | Archer |
| 17:17 | Build | Farm |
| 17:17 | Build | Farm |
| 17:17 | Build | Farm |
| 17:18 | Build | Farm |
| 17:30 | Build | Watch Tower |
| 17:40 | Create | Archer |
| 17:48 | Create | Archer |
| 17:51 | Create | Villager (Male) |
| 17:53 | Create | Villager (Male) |
| 18:01 | Build | Farm |
| 18:04 | Create | Archer |
| 18:04 | Create | Archer |
| 18:04 | Create | Archer |
| 18:05 | Create | Villager (Male) |
| 18:05 | Create | Villager (Male) |
| 18:09 | Create | Villager (Male) |
| 18:12 | Build | Farm |
| 18:25 | Build | Farm |
| 18:27 | Create | Archer |
| 18:27 | Create | Archer |
| 18:27 | Create | Archer |
| 18:39 | Build | House |
| 18:40 | Create | Archer |
| 18:40 | Create | Archer |
| 18:46 | Build | House |
| 18:49 | Build | House |
| 18:53 | Build | Palisade Wall |
| 18:56 | Create | Villager (Male) |
| 18:56 | Create | Villager (Male) |
| 19:09 | Build | Farm |
| 19:11 | Create | Archer |
| 19:11 | Create | Archer |
Build order — ajanderson120
146 actions detected in the replay
| 0:02 | Create | Villager (Male) |
| 0:02 | Create | Villager (Male) |
| 0:04 | Build | House |
| 0:05 | Build | House |
| 0:07 | Create | Villager (Male) |
| 0:08 | Create | Villager (Male) |
| 0:08 | Create | Villager (Male) |
| 1:27 | Create | Villager (Male) |
| 2:02 | Create | Villager (Male) |
| 2:16 | Create | Villager (Male) |
| 2:41 | Create | Villager (Male) |
| 2:44 | Build | Lumber Camp |
| 2:55 | Create | Villager (Male) |
| 3:26 | Create | Villager (Male) |
| 3:31 | Build | House |
| 3:32 | Build | House |
| 3:37 | Create | Villager (Male) |
| 4:12 | Create | Villager (Male) |
| 4:32 | Build | House |
| 4:33 | Build | House |
| 4:38 | Create | Villager (Male) |
| 5:01 | Create | Villager (Male) |
| 5:01 | Create | Villager (Male) |
| 5:35 | Create | Villager (Male) |
| 5:58 | Build | Mill |
| 6:22 | Create | Villager (Male) |
| 7:02 | Create | Villager (Male) |
| 7:07 | Create | Villager (Male) |
| 7:40 | Create | Villager (Male) |
| 8:14 | Research | Feudal Age |
| 9:25 | Build | Farm |
| 9:25 | Build | Farm |
| 9:26 | Build | Farm |
| 9:27 | Build | Farm |
| 9:28 | Build | Farm |
| 9:45 | Build | Barracks |
| 10:27 | Create | Villager (Male) |
| 10:27 | Create | Villager (Male) |
| 10:32 | Age | Feudal Age |
| 10:44 | Build | Palisade Wall |
| 10:51 | Build | Stable |
| 10:54 | Create | Villager (Male) |
| 11:47 | Build | Farm |
| 11:48 | Build | Farm |
| 11:52 | Build | Blacksmith |
| 12:12 | Create | Villager (Male) |
| 12:14 | Create | Villager (Male) |
| 12:14 | Research | Loom |
| 12:36 | Create | Villager (Male) |
| 12:43 | Build | Mining Camp |
| 13:02 | Build | Palisade Gate |
| 13:49 | Create | Villager (Male) |
| 14:30 | Build | Stable |
| 15:00 | Build | Palisade Wall |
| 15:10 | Build | Palisade Wall |
| 15:13 | Build | Palisade Wall |
| 15:20 | Research | Castle Age |
| 15:29 | Research | Gold Mining |
| 15:31 | Research | Double-Bit Axe |
| 15:49 | Build | Stone Wall |
| 16:10 | Build | House |
| 16:11 | Build | House |
| 16:13 | Build | House |
| 16:17 | Build | House |
| 16:21 | Build | House |
| 16:34 | Research | Bloodlines |
| 16:42 | Research | Horse Collar |
| 17:23 | Build | Farm |
| 17:25 | Create | Villager (Male) |
| 17:28 | Build | Farm |
| 17:37 | Create | Villager (Male) |
| 17:57 | Research | Scale Barding Armor |
| 17:59 | Age | Castle Age |
| 18:02 | Research | Husbandry |
| 18:03 | Create | Battle Elephant |
| 18:04 | Create | Battle Elephant |
| 18:21 | Create | Battle Elephant |
| 18:48 | Build | Farm |
| 19:05 | Create | Battle Elephant |
| 19:06 | Create | Battle Elephant |
| 19:07 | Create | Villager (Male) |
| 19:15 | Build | Farm |
| 19:35 | Create | Villager (Male) |
| 19:48 | Build | Lumber Camp |
| 19:50 | Create | Villager (Male) |
| 20:20 | Create | Battle Elephant |
| 20:35 | Build | Mining Camp |
| 20:44 | Create | Villager (Male) |
| 20:51 | Build | Town Center |
| 20:56 | Create | Villager (Male) |
| 21:13 | Create | Villager (Male) |
| 21:38 | Create | Battle Elephant |
| 21:39 | Create | Battle Elephant |
| 21:56 | Create | Villager (Male) |
| 22:22 | Create | Villager (Male) |
| 22:28 | Build | Farm |
| 22:28 | Build | Farm |
| 22:28 | Build | Farm |
| 22:29 | Build | Farm |
| 22:29 | Build | Farm |
| 22:29 | Build | Farm |
| 22:29 | Build | Farm |
| 22:30 | Build | Farm |
| 22:30 | Build | Farm |
| 22:34 | Create | Villager (Male) |
| 22:57 | Create | Battle Elephant |
| 23:04 | Build | Farm |
| 23:05 | Build | Farm |
| 23:08 | Build | Farm |
| 23:12 | Build | Farm |
| 23:12 | Create | Villager (Male) |
| 23:39 | Create | Battle Elephant |
| 23:40 | Create | Villager (Male) |
| 23:56 | Create | Villager (Male) |
| 24:01 | Create | Villager (Male) |
| 24:05 | Create | Villager (Male) |
| 24:17 | Build | Monastery |
| 24:18 | Create | Villager (Male) |
| 24:25 | Build | House |
| 24:26 | Build | House |
| 24:27 | Build | House |
| 24:27 | Build | House |
| 24:32 | Research | Stone Mining |
| 24:32 | Create | Villager (Male) |
| 24:49 | Research | Fervor |
| 24:50 | Create | Monk |
| 24:50 | Create | Monk |
| 24:55 | Create | Villager (Male) |
| 25:05 | Create | Battle Elephant |
| 25:06 | Create | Villager (Male) |
| 25:21 | Create | Villager (Male) |
| 25:32 | Research | Bow Saw |
| 25:52 | Build | Town Center |
| 25:56 | Create | Villager (Male) |
| 25:58 | Create | Battle Elephant |
| 26:24 | Create | Battle Elephant |
| 26:25 | Create | Villager (Male) |
| 26:35 | Create | Battle Elephant |
| 26:35 | Create | Battle Elephant |
| 26:52 | Create | Villager (Male) |
| 26:59 | Create | Villager (Male) |
| 27:15 | Build | Farm |
| 27:15 | Build | Farm |
| 27:16 | Build | Farm |
| 27:16 | Build | Farm |
| 27:17 | Build | Farm |
Build order — PolloDeMercado
First 150 of 159 actions detected
| 0:01 | Create | Villager (Male) |
| 0:02 | Create | Villager (Male) |
| 0:02 | Create | Villager (Male) |
| 0:04 | Build | House |
| 0:05 | Build | House |
| 0:11 | Create | Villager (Male) |
| 0:11 | Create | Villager (Male) |
| 0:12 | Create | Villager (Male) |
| 1:28 | Create | Villager (Male) |
| 1:28 | Create | Villager (Male) |
| 2:05 | Create | Villager (Male) |
| 2:07 | Create | Villager (Male) |
| 2:08 | Create | Villager (Male) |
| 2:08 | Create | Villager (Male) |
| 2:12 | Build | Lumber Camp |
| 2:38 | Create | Villager (Male) |
| 2:38 | Create | Villager (Male) |
| 3:05 | Build | House |
| 3:11 | Create | Villager (Male) |
| 3:11 | Create | Villager (Male) |
| 3:12 | Create | Villager (Male) |
| 3:42 | Create | Villager (Male) |
| 3:43 | Create | Villager (Male) |
| 4:08 | Create | Villager (Male) |
| 4:09 | Create | Villager (Male) |
| 4:10 | Create | Villager (Male) |
| 4:26 | Create | Villager (Male) |
| 4:27 | Create | Villager (Male) |
| 5:02 | Create | Villager (Male) |
| 5:02 | Create | Villager (Male) |
| 5:03 | Create | Villager (Male) |
| 5:04 | Create | Villager (Male) |
| 5:13 | Build | Mill |
| 5:34 | Build | House |
| 5:58 | Create | Villager (Male) |
| 5:59 | Create | Villager (Male) |
| 6:48 | Research | Loom |
| 7:56 | Research | Feudal Age |
| 8:24 | Build | Farm |
| 8:39 | Build | Mining Camp |
| 9:43 | Build | Barracks |
| 9:45 | Build | House |
| 10:06 | Age | Feudal Age |
| 10:08 | Create | Villager (Male) |
| 10:09 | Create | Villager (Male) |
| 10:09 | Create | Villager (Male) |
| 10:38 | Create | Villager (Male) |
| 10:54 | Build | Stable |
| 11:31 | Create | Villager (Male) |
| 11:43 | Build | Blacksmith |
| 12:03 | Create | Villager (Male) |
| 12:44 | Create | Villager (Male) |
| 13:10 | Research | Castle Age |
| 13:28 | Research | Double-Bit Axe |
| 13:29 | Research | Gold Mining |
| 13:36 | Build | Stable |
| 14:02 | Build | House |
| 14:50 | Build | House |
| 15:01 | Build | Farm |
| 15:03 | Build | Farm |
| 15:06 | Build | Farm |
| 15:07 | Build | Farm |
| 15:10 | Build | Farm |
| 15:12 | Build | Farm |
| 15:18 | Build | Farm |
| 15:32 | Build | Farm |
| 15:50 | Age | Castle Age |
| 15:54 | Create | Knight |
| 15:54 | Create | Knight |
| 15:59 | Create | Villager (Male) |
| 16:04 | Build | Farm |
| 16:26 | Create | Villager (Male) |
| 16:36 | Create | Villager (Male) |
| 16:39 | Create | Knight |
| 16:40 | Create | Knight |
| 16:49 | Build | House |
| 16:50 | Build | House |
| 17:06 | Create | Knight |
| 17:07 | Create | Knight |
| 17:30 | Create | Knight |
| 17:31 | Create | Villager (Male) |
| 17:51 | Create | Villager (Male) |
| 17:56 | Build | House |
| 18:45 | Create | Villager (Male) |
| 18:53 | Build | Town Center |
| 19:08 | Create | Villager (Male) |
| 19:11 | Build | House |
| 19:12 | Create | Knight |
| 19:13 | Create | Knight |
| 19:14 | Research | Scale Barding Armor |
| 19:15 | Create | Villager (Male) |
| 19:34 | Build | Farm |
| 19:36 | Build | Farm |
| 19:38 | Build | Farm |
| 19:39 | Build | Farm |
| 19:48 | Build | House |
| 20:04 | Research | Forging |
| 20:20 | Build | Farm |
| 20:58 | Create | Knight |
| 20:59 | Create | Knight |
| 20:59 | Create | Villager (Male) |
| 20:59 | Create | Villager (Male) |
| 21:43 | Create | Knight |
| 21:43 | Create | Knight |
| 21:44 | Create | Villager (Male) |
| 21:44 | Create | Villager (Male) |
| 21:45 | Create | Villager (Male) |
| 22:15 | Create | Knight |
| 22:15 | Create | Knight |
| 22:17 | Build | Farm |
| 22:20 | Build | House |
| 22:22 | Build | Farm |
| 22:25 | Build | Farm |
| 22:25 | Create | Villager (Male) |
| 22:25 | Create | Villager (Male) |
| 22:37 | Build | Farm |
| 22:40 | Build | Farm |
| 23:08 | Build | Farm |
| 23:10 | Build | Farm |
| 23:20 | Create | Villager (Male) |
| 23:23 | Build | House |
| 23:42 | Create | Villager (Male) |
| 23:45 | Create | Villager (Male) |
| 23:49 | Research | Chain Barding Armor |
| 24:19 | Build | Stable |
| 24:25 | Create | Knight |
| 24:26 | Create | Knight |
| 24:49 | Research | Wheelbarrow |
| 25:01 | Build | Farm |
| 25:14 | Create | Knight |
| 25:14 | Create | Knight |
| 25:15 | Create | Knight |
| 25:18 | Build | House |
| 26:17 | Create | Knight |
| 26:17 | Create | Knight |
| 26:18 | Create | Knight |
| 26:19 | Create | Villager (Male) |
| 26:19 | Create | Villager (Male) |
| 26:19 | Create | Villager (Male) |
| 26:21 | Create | Villager (Male) |
| 26:22 | Create | Villager (Male) |
| 27:08 | Create | Knight |
| 27:09 | Create | Knight |
| 27:09 | Create | Knight |
| 27:10 | Create | Knight |
| 27:11 | Build | House |
| 27:13 | Build | House |
| 27:13 | Create | Villager (Male) |
| 27:14 | Create | Villager (Male) |
| 27:14 | Create | Villager (Male) |
Build order — mayinbu
First 150 of 167 actions detected
| 0:01 | Create | Villager (Male) |
| 0:01 | Create | Villager (Male) |
| 0:04 | Research | Loom |
| 0:05 | Build | House |
| 0:06 | Build | House |
| 0:07 | Build | House |
| 0:10 | Create | Villager (Male) |
| 0:15 | Create | Villager (Male) |
| 0:16 | Create | Villager (Male) |
| 1:20 | Create | Villager (Male) |
| 1:56 | Build | Lumber Camp |
| 2:01 | Create | Villager (Male) |
| 2:23 | Create | Villager (Male) |
| 2:43 | Create | Villager (Male) |
| 3:03 | Create | Villager (Male) |
| 3:54 | Create | Villager (Male) |
| 3:55 | Create | Villager (Male) |
| 4:08 | Create | Villager (Male) |
| 4:08 | Create | Villager (Male) |
| 4:20 | Create | Villager (Male) |
| 4:40 | Create | Villager (Male) |
| 5:02 | Create | Villager (Male) |
| 5:03 | Create | Villager (Male) |
| 5:03 | Create | Villager (Male) |
| 5:44 | Build | Mining Camp |
| 6:46 | Research | Feudal Age |
| 7:17 | Build | Lumber Camp |
| 8:23 | Build | Barracks |
| 8:29 | Build | House |
| 8:59 | Age | Feudal Age |
| 9:01 | Create | Villager (Male) |
| 9:11 | Build | Archery Range |
| 9:27 | Create | Villager (Male) |
| 9:50 | Build | Blacksmith |
| 9:51 | Create | Villager (Male) |
| 9:53 | Create | Archer |
| 10:18 | Create | Archer |
| 10:26 | Research | Fletching |
| 10:48 | Build | Archery Range |
| 10:53 | Create | Villager (Male) |
| 10:56 | Build | House |
| 11:32 | Create | Archer |
| 11:33 | Create | Archer |
| 11:54 | Create | Villager (Male) |
| 12:04 | Create | Archer |
| 12:04 | Create | Archer |
| 12:26 | Create | Archer |
| 12:26 | Create | Archer |
| 12:27 | Create | Archer |
| 12:36 | Create | Archer |
| 12:36 | Create | Archer |
| 12:39 | Create | Villager (Male) |
| 12:44 | Build | Archery Range |
| 12:48 | Build | House |
| 12:57 | Create | Archer |
| 12:57 | Create | Archer |
| 13:09 | Create | Villager (Male) |
| 13:11 | Build | House |
| 13:29 | Create | Archer |
| 13:43 | Create | Archer |
| 13:44 | Create | Archer |
| 13:44 | Create | Archer |
| 13:45 | Create | Villager (Male) |
| 13:59 | Create | Archer |
| 13:59 | Create | Archer |
| 14:03 | Create | Archer |
| 14:04 | Create | Villager (Male) |
| 14:14 | Build | Archery Range |
| 14:23 | Create | Archer |
| 14:24 | Create | Villager (Male) |
| 14:53 | Research | Padded Archer Armor |
| 14:54 | Create | Archer |
| 14:54 | Create | Archer |
| 14:59 | Create | Villager (Male) |
| 15:05 | Build | House |
| 15:08 | Build | House |
| 15:16 | Create | Archer |
| 15:20 | Build | House |
| 15:21 | Build | House |
| 15:33 | Create | Villager (Male) |
| 15:43 | Build | Mill |
| 15:48 | Create | Archer |
| 15:51 | Create | Villager (Male) |
| 16:04 | Build | House |
| 16:07 | Build | House |
| 16:08 | Create | Archer |
| 16:34 | Create | Archer |
| 16:34 | Create | Archer |
| 16:35 | Create | Archer |
| 16:38 | Create | Villager (Male) |
| 16:43 | Build | House |
| 16:43 | Build | House |
| 16:45 | Create | Archer |
| 16:54 | Create | Villager (Male) |
| 17:00 | Build | Mining Camp |
| 17:04 | Create | Archer |
| 17:18 | Create | Villager (Male) |
| 17:22 | Create | Archer |
| 17:45 | Create | Archer |
| 18:02 | Create | Archer ×2 |
| 18:09 | Create | Archer |
| 18:09 | Create | Archer |
| 18:26 | Research | Double-Bit Axe |
| 18:29 | Create | Archer ×3 |
| 18:41 | Create | Archer |
| 18:42 | Create | Archer |
| 18:47 | Create | Villager (Male) |
| 18:48 | Create | Villager (Male) |
| 18:54 | Create | Archer ×2 |
| 18:58 | Create | Villager (Male) |
| 19:05 | Create | Archer |
| 19:05 | Create | Archer |
| 19:31 | Create | Archer |
| 19:31 | Create | Archer |
| 19:32 | Create | Archer |
| 19:33 | Create | Villager (Male) |
| 20:04 | Research | Horse Collar |
| 20:16 | Create | Archer ×5 |
| 20:25 | Create | Villager (Male) |
| 20:32 | Create | Archer ×2 |
| 20:46 | Create | Villager (Male) |
| 21:02 | Build | Farm |
| 21:02 | Build | Farm |
| 21:02 | Build | Farm |
| 21:02 | Build | Farm |
| 21:03 | Build | Farm |
| 21:03 | Build | Farm |
| 21:03 | Build | Farm |
| 21:05 | Create | Villager (Male) |
| 21:07 | Create | Archer |
| 21:07 | Create | Archer |
| 21:07 | Create | Archer |
| 21:07 | Create | Archer |
| 21:17 | Create | Archer |
| 21:39 | Create | Archer ×2 |
| 21:39 | Create | Archer ×2 |
| 21:40 | Create | Villager (Male) |
| 21:58 | Create | Archer ×3 |
| 21:58 | Create | Archer ×3 |
| 22:00 | Create | Villager (Male) |
| 22:17 | Create | Archer ×2 |
| 22:18 | Create | Archer ×3 |
| 22:43 | Build | House |
| 23:11 | Create | Villager (Male) |
| 23:20 | Create | Archer ×5 |
| 23:20 | Create | Archer ×5 |
| 23:21 | Create | Villager (Male) |
| 23:22 | Create | Villager (Male) |
| 23:22 | Create | Villager (Male) |
| 23:50 | Research | Wheelbarrow |
Build order — Muh
147 actions detected in the replay
| 0:01 | Create | Villager (Male) |
| 0:02 | Create | Villager (Male) |
| 0:02 | Create | Villager (Male) |
| 0:03 | Build | House |
| 0:04 | Build | House |
| 0:15 | Create | Villager (Male) |
| 0:16 | Create | Villager (Male) |
| 0:16 | Create | Villager (Male) |
| 1:31 | Create | Villager (Male) |
| 1:32 | Create | Villager (Male) |
| 2:14 | Create | Villager (Male) |
| 2:14 | Create | Villager (Male) |
| 2:31 | Create | Villager (Male) |
| 2:52 | Create | Villager (Male) |
| 2:53 | Create | Villager (Male) |
| 3:11 | Create | Villager (Male) |
| 3:11 | Create | Villager (Male) |
| 3:47 | Create | Villager (Male) |
| 3:47 | Create | Villager (Male) |
| 3:48 | Create | Villager (Male) |
| 3:48 | Create | Villager (Male) |
| 4:02 | Build | Lumber Camp |
| 4:34 | Build | House |
| 4:39 | Build | House |
| 4:40 | Build | House |
| 4:42 | Create | Villager (Male) |
| 4:42 | Create | Villager (Male) |
| 4:43 | Create | Villager (Male) |
| 4:59 | Create | Villager (Male) |
| 4:59 | Create | Villager (Male) |
| 5:03 | Create | Villager (Male) |
| 5:48 | Create | Villager (Male) |
| 6:01 | Build | Barracks |
| 6:08 | Build | Barracks |
| 7:15 | Create | Villager (Male) |
| 7:29 | Build | Mill |
| 7:36 | Create | Villager (Male) |
| 7:39 | Research | Loom |
| 8:13 | Research | Feudal Age |
| 8:24 | Create | Militia |
| 8:24 | Create | Militia |
| 8:24 | Create | Militia |
| 8:38 | Build | Mining Camp |
| 9:12 | Create | Militia |
| 10:05 | Build | House |
| 10:14 | Create | Villager (Male) |
| 10:23 | Age | Feudal Age |
| 10:27 | Research | Man-at-Arms (upgrade) |
| 10:53 | Create | Villager (Male) |
| 10:55 | Create | Villager (Male) |
| 10:59 | Create | Villager (Male) |
| 11:02 | Create | Spearman |
| 12:03 | Create | Villager (Male) |
| 12:13 | Create | Militia |
| 12:13 | Create | Militia |
| 12:40 | Build | Watch Tower |
| 12:48 | Create | Villager (Male) |
| 12:53 | Build | House |
| 12:56 | Build | House |
| 13:00 | Create | Militia |
| 13:13 | Build | Palisade Wall |
| 13:14 | Build | Palisade Wall |
| 13:15 | Build | Palisade Wall |
| 13:16 | Build | Palisade Wall |
| 13:26 | Create | Villager (Male) |
| 13:42 | Create | Villager (Male) |
| 14:10 | Create | Villager (Male) |
| 14:44 | Create | Villager (Male) |
| 14:47 | Create | Spearman |
| 14:59 | Create | Villager (Male) |
| 15:13 | Create | Villager (Male) |
| 16:03 | Create | Villager (Male) |
| 16:06 | Build | Farm |
| 16:07 | Build | Farm |
| 16:07 | Build | Farm |
| 16:07 | Build | Farm |
| 16:11 | Build | Farm |
| 16:11 | Build | Farm |
| 16:11 | Build | Farm |
| 16:12 | Build | Farm |
| 16:12 | Build | Farm |
| 16:13 | Build | Farm |
| 16:13 | Build | Farm |
| 16:25 | Build | Watch Tower |
| 16:35 | Build | House |
| 16:42 | Create | Villager (Male) |
| 17:13 | Build | Palisade Wall |
| 17:27 | Build | Farm |
| 17:36 | Build | House |
| 17:38 | Build | Palisade Wall |
| 17:44 | Create | Villager (Male) |
| 17:59 | Build | Blacksmith |
| 18:01 | Build | House |
| 18:06 | Create | Villager (Male) |
| 18:47 | Create | Villager (Male) |
| 19:06 | Build | Market |
| 19:09 | Build | House |
| 19:13 | Create | Villager (Male) |
| 19:34 | Build | House |
| 19:37 | Build | Palisade Wall |
| 19:43 | Create | Villager (Male) |
| 19:57 | Research | Castle Age |
| 20:21 | Build | House |
| 20:32 | Build | Palisade Wall |
| 20:46 | Build | House |
| 21:33 | Build | Farm |
| 21:34 | Build | Farm |
| 21:39 | Research | Double-Bit Axe |
| 21:43 | Research | Horse Collar |
| 21:53 | Build | House |
| 22:01 | Build | Palisade Wall |
| 22:03 | Build | Palisade Wall |
| 22:48 | Age | Castle Age |
| 23:37 | Build | Castle |
| 23:49 | Create | Villager (Male) |
| 23:50 | Create | Villager (Male) |
| 24:07 | Build | Palisade Wall |
| 24:09 | Create | Villager (Male) |
| 24:12 | Create | Villager (Male) |
| 24:17 | Build | House |
| 24:49 | Build | Castle |
| 25:11 | Create | Villager (Male) |
| 25:16 | Build | Farm |
| 25:18 | Create | Villager (Male) |
| 25:19 | Create | Villager (Male) |
| 25:45 | Build | Town Center |
| 26:09 | Build | Siege Workshop |
| 26:15 | Create | Villager (Male) |
| 26:23 | Research | Fletching |
| 26:24 | Research | Scale Mail Armor |
| 26:27 | Create | Villager (Male) |
| 26:46 | Build | Mining Camp |
| 26:48 | Create | Battering Ram |
| 26:50 | Create | Huskarl |
| 26:50 | Create | Huskarl |
| 26:51 | Create | Huskarl |
| 26:51 | Create | Huskarl |
| 26:51 | Create | Huskarl |
| 27:07 | Research | Pikeman (upgrade) |
| 27:31 | Build | Monastery |
| 27:53 | Build | Monastery |
| 27:58 | Create | Villager (Male) |
| 27:59 | Create | Villager (Male) |
| 28:11 | Create | Villager (Male) |
| 28:11 | Create | Villager (Male) |
| 28:16 | Create | Monk |
| 28:20 | Build | House |
Match timeline
| 6:01 | Muh · first_building Barracks |
| 6:11 | Monty · wall_segment Palisade Wall x2 |
| 7:12 | ElTitanSargeras · first_building Barracks |
| 7:42 | ElTitanSargeras · wall_segment Palisade Wall x3 |
| 7:43 | Monty · first_building Barracks |
| 7:43 | 魔兽难民 · wall_segment Palisade Wall x1 |
| 7:46 | Monty · wall_segment Palisade Wall x1 |
| 7:53 | [LAK]GULIAN · wall_segment Palisade Wall x1 |
| 8:13 | [LAK]GULIAN · wall_segment Palisade Wall x10 |
| 8:21 | [LAK]GULIAN · wall_segment Palisade Wall x14 |
| 8:23 | mayinbu · first_building Barracks |
| 8:38 | [LAK]GULIAN · wall_segment Palisade Wall x8 |
| 8:44 | 魔兽难民 · wall_segment Palisade Wall x7 |
| 8:48 | ElTitanSargeras · age_up feudal |
| 8:51 | ElTitanSargeras · first_building Archery Range |
| 8:56 | [LAK]GULIAN · wall_segment Palisade Wall x14 |
| 8:59 | [LAK]GULIAN · wall_segment Palisade Wall x4 |
| 8:59 | mayinbu · age_up feudal |
| 9:08 | [LAK]GULIAN · wall_segment Palisade Wall x1 |
| 9:08 | 魔兽难民 · wall_segment Palisade Wall x1 |
| 9:09 | 魔兽难民 · wall_segment Palisade Wall x1 |
| 9:11 | mayinbu · first_building Archery Range |
| 9:12 | Monty · wall_segment Palisade Wall x10 |
| 9:42 | [LAK]GULIAN · wall_segment Palisade Wall x4 |
| 9:43 | PolloDeMercado · first_building Barracks |
| 9:45 | ajanderson120 · first_building Barracks |
| 10:06 | PolloDeMercado · age_up feudal |
| 10:15 | ElTitanSargeras · wall_segment Palisade Wall x3 |
| 10:16 | ElTitanSargeras · wall_segment Palisade Wall x5 |
| 10:23 | Muh · age_up feudal |
| 10:32 | ajanderson120 · age_up feudal |
| 10:32 | [LAK]GULIAN · age_up feudal |
| 10:38 | ElTitanSargeras · wall_segment Palisade Wall x6 |
| 10:38 | Monty · wall_segment Palisade Wall x7 |
| 10:44 | ajanderson120 · wall_segment Palisade Wall x11 |
| 10:45 | Monty · age_up feudal |
| 10:46 | ElTitanSargeras · wall_segment Palisade Wall x3 |
| 10:48 | Monty · first_building Archery Range |
| 10:51 | ajanderson120 · first_building Stable |
| 10:54 | PolloDeMercado · first_building Stable |
| 11:03 | 魔兽难民 · age_up feudal |
| 11:23 | ElTitanSargeras · wall_segment Palisade Wall x5 |
| 11:27 | [LAK]GULIAN · first_building Barracks |
| 11:48 | 魔兽难民 · wall_segment Palisade Wall x1 |
| 12:27 | Monty · wall_segment Palisade Wall x4 |
| 12:50 | ElTitanSargeras · wall_segment Palisade Wall x5 |
| 12:59 | 魔兽难民 · wall_segment Palisade Wall x1 |
| 13:10 | [LAK]GULIAN · first_building Stable |
| 13:13 | Muh · wall_segment Palisade Wall x1 |
| 13:14 | Muh · wall_segment Palisade Wall x1 |
| 13:15 | Muh · wall_segment Palisade Wall x1 |
| 13:16 | Muh · wall_segment Palisade Wall x1 |
| 14:16 | 魔兽难民 · wall_segment Palisade Wall x1 |
| 14:25 | 魔兽难民 · wall_segment Palisade Wall x4 |
| 14:37 | ElTitanSargeras · wall_segment Palisade Wall x3 |
| 15:00 | ajanderson120 · wall_segment Palisade Wall x16 |
| 15:10 | ajanderson120 · wall_segment Palisade Wall x2 |
| 15:13 | ajanderson120 · wall_segment Palisade Wall x7 |
| 15:49 | ajanderson120 · wall_segment Stone Wall x6 |
| 15:50 | PolloDeMercado · age_up castle |
| 16:08 | 魔兽难民 · wall_segment Palisade Wall x1 |
| 16:09 | 魔兽难民 · wall_segment Palisade Wall x1 |
| 16:10 | 魔兽难民 · wall_segment Palisade Wall x1 |
| 16:11 | 魔兽难民 · wall_segment Palisade Wall x1 |
| 16:13 | 魔兽难民 · wall_segment Palisade Wall x1 |
| 16:23 | [LAK]GULIAN · age_up castle |
| 17:13 | Muh · wall_segment Palisade Wall x1 |
| 17:38 | Muh · wall_segment Palisade Wall x2 |
| 17:59 | ajanderson120 · age_up castle |
| 18:06 | 魔兽难民 · first_market_buy 100 food |
| 18:38 | 魔兽难民 · wall_segment Palisade Wall x6 |
| 18:53 | ElTitanSargeras · wall_segment Palisade Wall x4 |
| 19:26 | 魔兽难民 · age_up castle |
| 19:37 | Muh · wall_segment Palisade Wall x5 |
| 20:01 | 魔兽难民 · first_building Castle |
| 20:32 | Muh · wall_segment Palisade Wall x6 |
| 22:01 | Muh · wall_segment Palisade Wall x13 |
| 22:03 | Muh · wall_segment Palisade Wall x3 |
| 22:43 | Monty · first_building Stable |
| 22:48 | Muh · age_up castle |
| 23:09 | Monty · age_up castle |
| 23:37 | Muh · first_building Castle |
| 23:40 | Monty · first_market_sell 100 food |
| 23:49 | 魔兽难民 · wall_segment Palisade Wall x1 |
| 24:07 | Muh · wall_segment Palisade Wall x1 |
| 24:17 | ajanderson120 · first_building Monastery |
| 24:35 | Muh · first_market_buy 100 stone |
| 24:44 | ElTitanSargeras · first_market_buy 100 food |
| 25:45 | ElTitanSargeras · wall_segment Palisade Wall x1 |
| 25:49 | ElTitanSargeras · wall_segment Palisade Wall x1 |
| 26:09 | Muh · first_building Siege Workshop |
| 27:30 | ElTitanSargeras · age_up castle |
| 27:31 | Muh · first_building Monastery |
| 27:40 | mayinbu · resign |
[ AI ANALYSIS · 1 CREDIT ]
What really happened in this match?
Wolo.gg analyzes every decision: build order, eco, micro, common mistakes by bracket. Personalized analysis on WhatsApp or Discord in 30 seconds.
Civ guide
Vietnamese
Perfil
Jugador #19277295